 Dungeon Crawl Stone Soup version 0.32-a0-876-gcfddb08e57 (webtiles) character file.

Game seed: 8910286130083671685

457 spaghetti the Sneak (level 7, -7/62 HPs)
             Began as a Naga Chaos Knight on Apr 1, 2024.
             Was a Plaything of Xom.
             Killed from afar by an orc wizard (10 damage)
             ... with a puff of flame
             ... on level 4 of the Dungeon.
             The game lasted 00:04:28 (2983 turns).

spaghetti the Sneak (Naga Chaos Knight)             Turns: 2983, Time: 00:04:28

Health: -7/62      AC:  6    Str: 14    XL:     7   Next: 6%
Magic:  7/7        EV:  9    Int: 12    God:    Xom [...*..]
Gold:   174        SH:  0    Dex: 13    Spells: 6/6 levels left

rFire   . . .        k - +0 spear (venom)
rCold   . . .        (no shield)
rNeg    . . .        a - +2 leather armour
rPois   +            (no helmet)
rElec   .            (no cloak)
rCorr   .            (no gloves)
SInv    +            (no barding)
Will    .....        (no amulet)
Stlth   +++          (no ring)
HPRegen 0.30/turn    (no ring)
MPRegen 0.10/turn

%: no passive effects
@: short of breath, very slow
A: AC +2, large, see invisible, deformed body, poison resistance, slowness 2,
spit poison 1, naga tail 1
a: Spit Poison, Renounce Religion


You were on level 4 of the Dungeon.
You worshipped Xom.
You were a favourite toy of Xom.
You visited 1 branch of the dungeon, and saw 4 of its levels.

You collected 174 gold pieces.

Inventory:

Hand Weapons
 k - a +0 spear of venom (weapon)
Missiles
 i - 2 throwing nets
Armour
 a - a +2 leather armour (worn)
Jewellery
 c - a +6 ring of intelligence
 o - an amulet of guardian spirit
Wands
 p - a wand of roots (6)
Scrolls
 d - 2 scrolls of identify
 e - 4 scrolls of vulnerability
 f - 2 scrolls of poison
 l - a scroll of fog
Potions
 b - 2 potions of heal wounds
 g - a potion of attraction
 h - a potion of mutation {unknown}


   Skills:
 - Level 3.0 Fighting
 - Level 1.5 Armour
 + Level 2.9 Dodging
 + Level 6.9 Stealth
 - Level 3.0 Unarmed Combat
 * Level 3.8 Evocations


You had 6 spell levels left.
You didn't know any spells.
Your spell library contained the following spells:

 Spells                   Type           Power      Damage    Failure   Level
 Magic Dart               Conj           0%         1d3       38%         1
 Slow                     Hex            0%         N/A       38%         1
 Searing Ray              Conj           0%         2d4       52%         2
 Confusing Touch          Hex            0%         N/A       77%         3
 Vampiric Draining        Necr           0%         2d6       77%         3
 Fulminant Prism          Conj/Alch      0%         3d5       99%         4


Dungeon Overview and Level Annotations

Branches:
Dungeon (4/15)
 Temple: D:4-7

Altars:
Kikubaaqudgha


Innate Abilities, Weirdness & Mutations

Your serpentine skin is tough. (AC +2)
You have supernaturally acute eyesight. (SInv)
Armour fits poorly on your strangely shaped body.
Your system is resistant to poisons. (rPois)
You cover ground very slowly.
You can spit poison.
You have a snake-like lower body.


Message History

The orc wizard closely misses you.
You have reached level 7!
You closely miss the orc wizard.
The orc wizard hits you but does no damage.
You barely miss the orc wizard. The orc wizard barely misses you.
You closely miss the orc wizard. The orc wizard barely misses you.
You hit the orc wizard but do no damage.
The orc wizard barely misses you.
You barely miss the orc wizard. Xom's power flows through you!
The orc wizard blinks!
The orc wizard points at you and mumbles some strange words.
The puff of flame hits you!
* * * LOW HITPOINT WARNING * * *
An orc wizard is nearby!
The orc wizard blinks!
The orc wizard gestures at you while chanting.
The magic dart hits you.
* * * LOW HITPOINT WARNING * * *
The orc wizard blinks!
Aiming: Spit Poison (1% risk of failure)
Press: ? - help, Shift-Dir - straight line, f - orc wizard
Aim: an orc wizard, wielding a +0 dagger and wearing a +0 robe (50% to hit)
The splash of poison hits the orc wizard!
The orc wizard is poisoned.
The orc wizard is severely wounded.
The translocation energy dissipates. "Hum-dee-hum-dee-hum..."
The orc wizard seems to speed up.
The orc wizard casts a spell at you. The puff of flame hits you!
* * * LOW HITPOINT WARNING * * *
Reach: k) +0 spear (venom)
Press: ? - help, Dir - move target, f/p - orc wizard
Aim: an orc wizard, wielding a +0 dagger and wearing a +0 robe (severely wounded, fast, poisoned, about 47% to evade your +0 spear of venom)
You reach to attack!
You hit the orc wizard.
The orc wizard looks even sicker.
The orc wizard is almost dead.
The orc wizard gestures at you while chanting.
The puff of flame hits you!
You die...

#.....# #.....# #.....#
#.....#### # #........#
###+#####+####........#
#............#........+
#............#.)......#
#............#..@.....#
##...##......#.)....###
##...###'#####.o....#
.....#..............#
##...'..............#
##...#...........<..#
.....#..............+
##...#..............#
######.......$......#


You could see an orc wizard (fast, very poisoned).

Vanquished Creatures
  Grinder (D:3)
  A bombardier beetle (D:3)
  2 orc priests
  Terence (D:3)
  An orc wizard (D:3)
  3 adders
  4 dart slugs
  2 ribbon worms (D:2)
  5 orcs
  8 ball pythons
  6 bats
  7 endoplasms
  7 giant cockroaches
  2 goblins
  6 hobgoblins
  2 jackals (D:1)
  5 kobolds
  5 quokkas
  6 frilled lizards
  5 rats
79 creatures vanquished.

Notes
Turn   | Place    | Note
-------+----------+-------------------------------------------
     0 | D:1      | spaghetti the Naga Chaos Knight began the quest for the
                  | Orb.
     0 | D:1      | Reached XP level 1. HP: 21/21 MP: 1/1
   129 | D:1      | Reached skill level 1 in Stealth
   142 | D:1      | Reached skill level 2 in Stealth
   198 | D:1      | Reached XP level 2. HP: 28/28 MP: 2/2
   348 | D:1      | Reached skill level 3 in Stealth
   483 | D:1      | XOM: smoke on damage
   725 | D:2      | Reached skill level 4 in Stealth
   730 | D:2      | Reached XP level 3. HP: 32/34 MP: 3/3
   846 | D:2      | Reached skill level 1 in Dodging
   860 | D:2      | XOM is BORED!
   860 | D:2      | XOM: noise
  1195 | D:2      | XOM: cloud trail
  1258 | D:2      | XOM: silly message
  1315 | D:2      | Reached skill level 5 in Stealth
  1315 | D:2      | Reached XP level 4. HP: 41/42 MP: 4/4
  1706 | D:2      | XOM: god gift: glowing bronze wand {god gift}
  1717 | D:2      | XOM: divination: detect items
  1862 | D:3      | XOM: divination: detect creatures
  1874 | D:3      | Reached skill level 1 in Evocations
  1882 | D:3      | Noticed Terence
  1883 | D:3      | Reached XP level 5. HP: 4/49 MP: 5/5
  1883 | D:3      | Noticed Grinder
  2189 | D:3      | Killed Terence
  2192 | D:3      | XOM: cast spell 'Iskenderun's Battlesphere'
  2200 | D:3      | XOM: summons 3 friendly demons
  2218 | D:3      | Killed Grinder
  2219 | D:3      | Reached skill level 6 in Stealth
  2219 | D:3      | Reached XP level 6. HP: 13/56 MP: 6/6
  2460 | D:3      | Found an ancient bone altar of Kikubaaqudgha.
  2971 | D:4      | Reached XP level 7. HP: 18/62 MP: 7/7
  2975 | D:4      | XOM: cast spell 'Disjunction'
  2982 | D:4      | XOM: enchant monster (bad)
  2982 | D:4      | HP: 3/62 [orc wizard/puff of flame (9)]
  2983 | D:4      | Killed from afar by an orc wizard

Illustrated notes

Levels and vault maps discovered:
D:1:      denvon_arrival_hothouse, layout_loops_cross
D:2:      wad_river_or_something, layout_basic
D:3:      layout_basic, lemuel_crystal_altar, hex_large, uniq_grinder,
          uniq_terence
D:4:      layout_gridville, minmay_temple_entry_junction_2

Skill      XL: |  1  2  3  4  5 |
---------------+----------------+-----
Stealth        | 2 4 5 6 |  6.9
Dodging        | 1 2 |  2.9
Evocations     | 1 3 |  3.8
Fighting       | |  3.0
Armour         | |  1.5
Unarmed Combat | |  3.0

Action                     |  1- 3 |  4- 6 |  7- 9 || total
---------------------------+-------+-------+-------++-------
  Melee: Unarmed           |    28 |       |       ||    28
         Punch             |     2 |       |       ||     2
         Spear             |    32 |   134 |     6 ||   172
Ability: Spit Poison       |    26 |    26 |     1 ||    53
    Use: Scroll            |     6 |     4 |       ||    10
         Potion            |       |     6 |       ||     6
   Stab: Sleeping          |     1 |     3 |       ||     4
         Invisible         |       |     4 |       ||     4
 Armour: Leather armour    |    36 |   100 |     5 ||   141
  Dodge: Dodged            |    18 |    54 |     3 ||    75

Table legend: (Time is in decaauts)
 A = Elapsed time spent in this place.
 B = Non-inter-level travel time spent in this place.
 C = Inter-level travel time spent in this place.
 D = Time resting spent in this place.
 E = Time spent auto-exploring this place.
 F = Levels seen in this place.
 G = Mean time per level.
                   A        B        C        D        E       F      G
               +--------+--------+--------+--------+--------+-----+--------+
         Total |   3832 |   3686 |    146 |    124 |   2904 |   4 |  958.0 |
       Dungeon |   3832 |   3686 |    146 |    124 |   2904 |   4 |  958.0 |
               +--------+--------+--------+--------+--------+-----+--------+

Top non-repeatable levels by time:
     D:3: 1474 daAuts
     D:2: 1336 daAuts
     D:1: 959 daAuts
     D:4: 61 daAuts
